[ AOE2 MATCH · #505678972 ]
UnrankedMalay vs Burgundians
Player's team · LOSS
[ REPLAY ANALYSIS · EXTRACTED FROM THE RECORDED GAME ]
Feudal
8:36
Castle
24:32
Imperial
37:28
| APM avg | 27.8 |
| APM peak | 67 |
| eAPM avg | 18.5 |
| Villagers / military | 119 / 45 |
Focus
⚔️ 32.7% · 🌾 67.3%
Spearman ×23 · Karambit Warrior ×15 · Monk ×5 · Mangonel ×2
Feudal
9:29
Castle
23:35
Imperial
34:23
| APM avg | 43.1 |
| APM peak | 77 |
| eAPM avg | 23.2 |
| Villagers / military | 98 / 120 |
Focus
⚔️ 32.9% · 🌾 67.1%
Flemish Militia ×72 · Scout Cavalry ×29 · Archer ×9 · Knight ×3 · Bombard Cannon ×3 · Trebuchet (Packed) ×3
Match map
Initial resources + every placement click. Lines = walls · curves = elevation contours. ◆ gold · ⬟ stone · ● berries · ✦ relic · ◌ wall gap
Your base· Open — unwalled flank
hclay93's base· Open — 5t gap
Smoothed initial terrain · ◌ = detected wall gap · hover for details
Inputs per minute
— NPG | R4GN4R_ - - hclay93
Build order — NPG | R4GN4R_
First 150 of 309 actions detected
| 0:01 | Queue | Villager (Male) |
| 0:01 | Queue | Villager (Male) |
| 0:01 | Queue | Villager (Male) |
| 0:02 | Queue | Villager (Male) |
| 0:02 | Build | House |
| 0:05 | Build | House |
| 1:23 | Queue | Villager (Male) |
| 1:23 | Queue | Villager (Male) |
| 1:55 | Build | Lumber Camp |
| 1:59 | Queue | Villager (Male) |
| 1:59 | Queue | Villager (Male) |
| 2:16 | Queue | Villager (Male) |
| 2:17 | Queue | Villager (Male) |
| 3:08 | Queue | Villager (Male) |
| 3:08 | Queue | Villager (Male) |
| 3:09 | Queue | Villager (Male) |
| 3:29 | Queue | Villager (Male) |
| 3:30 | Queue | Villager (Male) |
| 3:52 | Queue | Villager (Male) |
| 3:52 | Queue | Villager (Male) |
| 4:02 | Build | House |
| 4:24 | Queue | Villager (Male) |
| 4:24 | Queue | Villager (Male) |
| 4:46 | Queue | Villager (Male) |
| 4:47 | Queue | Villager (Male) |
| 5:10 | Queue | Villager (Male) |
| 5:11 | Queue | Villager (Male) |
| 5:32 | Queue | Villager (Male) |
| 5:32 | Queue | Villager (Male) |
| 5:32 | Queue | Villager (Male) |
| 5:41 | Build | Mining Camp |
| 6:07 | Research | Loom |
| 7:05 | Research | Feudal Age |
| 8:05 | Queue | Villager (Male) |
| 8:12 | Build | House |
| 8:27 | Build | Palisade Wall |
| 8:29 | Build | Palisade Wall |
| 8:31 | Build | Palisade Wall |
| 8:33 | Build | Palisade Wall |
| 8:36 | Age | Feudal Age |
| 8:39 | Build | Watch Tower |
| 8:45 | Build | Palisade Wall |
| 8:50 | Build | Palisade Wall |
| 9:05 | Queue | Villager (Male) |
| 9:24 | Queue | Villager (Male) |
| 9:33 | Build | Palisade Wall |
| 9:42 | Build | Blacksmith |
| 9:44 | Research | Town Watch |
| 9:55 | Build | Mill |
| 9:59 | Queue | Villager (Male) |
| 10:10 | Build | Watch Tower |
| 10:26 | Build | House |
| 10:28 | Build | Palisade Wall |
| 10:29 | Build | Palisade Wall |
| 10:37 | Build | Palisade Wall |
| 11:07 | Queue | Villager (Male) |
| 11:10 | Build | Palisade Wall |
| 11:14 | Build | Palisade Wall |
| 11:33 | Queue | Villager (Male) |
| 11:37 | Research | Fletching |
| 11:49 | Build | House |
| 11:53 | Build | Outpost |
| 11:59 | Build | Palisade Wall |
| 12:03 | Queue | Villager (Male) |
| 12:06 | Build | Farm |
| 12:07 | Build | Farm |
| 12:10 | Build | Farm |
| 12:19 | Build | Farm |
| 12:23 | Queue | Villager (Male) |
| 12:44 | Build | Outpost |
| 12:49 | Build | Farm |
| 12:55 | Queue | Villager (Male) |
| 13:03 | Build | House |
| 13:10 | Queue | Villager (Male) |
| 13:19 | Build | Outpost |
| 13:24 | Build | Farm |
| 13:26 | Build | Farm |
| 13:32 | Queue | Villager (Male) |
| 13:40 | Build | House |
| 13:49 | Queue | Villager (Male) |
| 13:53 | Build | Palisade Wall |
| 13:54 | Build | Palisade Wall |
| 13:58 | Build | Palisade Wall |
| 13:59 | Build | Palisade Wall |
| 13:59 | Build | Palisade Wall |
| 14:00 | Build | Palisade Wall |
| 14:01 | Build | Palisade Wall |
| 14:04 | Build | Palisade Wall |
| 14:05 | Build | Palisade Wall |
| 14:15 | Build | Watch Tower |
| 14:30 | Build | Farm |
| 14:32 | Queue | Villager (Male) |
| 14:54 | Queue | Villager (Male) |
| 15:10 | Research | Double-Bit Axe |
| 15:11 | Queue | Villager (Male) |
| 15:28 | Build | Outpost |
| 15:32 | Build | Outpost |
| 15:36 | Build | Outpost |
| 15:39 | Build | Outpost |
| 15:57 | Build | Watch Tower |
| 16:34 | Queue | Villager (Male) |
| 16:50 | Build | Watch Tower |
| 16:51 | Build | Mining Camp |
| 16:59 | Queue | Villager (Male) |
| 17:05 | Build | Farm |
| 17:22 | Build | Outpost |
| 17:25 | Build | Outpost |
| 17:32 | Build | Palisade Wall |
| 17:38 | Build | Palisade Wall |
| 17:41 | Queue | Villager (Male) |
| 17:50 | Build | Farm |
| 18:06 | Build | Watch Tower |
| 18:27 | Queue | Villager (Male) |
| 18:35 | Build | Palisade Wall |
| 18:36 | Build | Palisade Wall |
| 18:38 | Build | Palisade Wall |
| 18:39 | Build | Palisade Wall |
| 18:44 | Build | Palisade Wall |
| 19:11 | Queue | Villager (Male) |
| 19:24 | Queue | Villager (Male) |
| 19:35 | Research | Wheelbarrow |
| 19:44 | Build | Market |
| 19:49 | Build | Barracks |
| 19:51 | Build | Palisade Wall |
| 20:52 | Build | Watch Tower |
| 21:13 | Queue | Villager (Male) |
| 21:14 | Queue | Villager (Male) |
| 21:21 | Build | House |
| 21:28 | Build | Palisade Wall |
| 21:29 | Build | Palisade Wall |
| 21:33 | Queue | Villager (Male) |
| 21:38 | Build | Farm |
| 21:43 | Build | Farm |
| 21:44 | Build | Farm |
| 21:57 | Build | Farm |
| 22:01 | Build | Outpost |
| 22:02 | Build | Farm |
| 22:08 | Queue | Villager (Male) |
| 22:45 | Build | House |
| 22:56 | Research | Castle Age |
| 23:10 | Build | Mining Camp |
| 23:21 | Build | Farm |
| 23:31 | Build | House |
| 23:33 | Build | House |
| 23:37 | Build | House |
| 24:29 | Queue | Villager (Male) |
| 24:32 | Age | Castle Age |
| 24:36 | Build | Siege Workshop |
| 24:47 | Queue | Villager (Male) |
| 24:56 | Research | Horse Collar |
Build order — hclay93
First 150 of 315 actions detected
| 0:01 | Queue | Villager (Male) |
| 0:01 | Queue | Villager (Male) |
| 0:01 | Queue | Villager (Male) |
| 0:02 | Queue | Villager (Male) |
| 0:02 | Build | House |
| 0:03 | Build | House |
| 1:26 | Queue | Villager (Male) |
| 1:26 | Queue | Villager (Male) |
| 1:55 | Build | Lumber Camp |
| 1:57 | Queue | Villager (Male) |
| 1:57 | Queue | Villager (Male) |
| 2:29 | Research | Loom |
| 2:30 | Queue | Villager (Male) |
| 2:33 | Queue | Villager (Male) |
| 2:52 | Queue | Villager (Male) |
| 3:11 | Queue | Villager (Male) |
| 3:29 | Research | Double-Bit Axe |
| 3:29 | Research | Double-Bit Axe |
| 3:48 | Queue | Villager (Male) |
| 4:02 | Queue | Villager (Male) |
| 4:02 | Queue | Villager (Male) |
| 4:16 | Build | House |
| 4:25 | Queue | Villager (Male) |
| 5:09 | Queue | Villager (Male) |
| 5:31 | Queue | Villager (Male) |
| 5:52 | Queue | Villager (Male) |
| 5:58 | Build | Barracks |
| 6:01 | Queue | Villager (Male) |
| 6:05 | Queue | Villager (Male) |
| 6:48 | Build | House |
| 6:52 | Research | Loom |
| 7:11 | Research | Feudal Age |
| 7:11 | Research | Feudal Age |
| 7:13 | Build | Palisade Wall |
| 7:24 | Build | Mining Camp |
| 7:40 | Build | Palisade Wall |
| 7:47 | Build | Palisade Wall |
| 7:54 | Build | Palisade Wall |
| 8:11 | Build | Palisade Wall |
| 8:56 | Build | Palisade Wall |
| 9:15 | Queue | Villager (Male) |
| 9:29 | Age | Feudal Age |
| 9:31 | Build | Archery Range |
| 9:34 | Queue | Flemish Militia |
| 9:34 | Queue | Flemish Militia |
| 9:38 | Research | Bow Saw |
| 9:38 | Research | Bow Saw |
| 9:38 | Research | Bow Saw |
| 9:54 | Queue | Flemish Militia |
| 9:58 | Queue | Villager (Male) |
| 10:04 | Build | House |
| 10:09 | Queue | Flemish Militia |
| 10:25 | Queue | Archer |
| 10:30 | Build | Watch Tower |
| 10:45 | Build | House |
| 12:13 | Build | Mill |
| 12:30 | Queue | Archer |
| 12:35 | Build | Blacksmith |
| 12:39 | Build | Farm |
| 12:41 | Build | Farm |
| 12:43 | Build | Farm |
| 12:45 | Build | Farm |
| 12:49 | Build | Farm |
| 12:51 | Build | Farm |
| 12:53 | Build | Farm |
| 13:01 | Build | Farm |
| 13:09 | Queue | Archer |
| 13:24 | Queue | Villager (Male) |
| 13:29 | Build | Farm |
| 13:31 | Build | Farm |
| 13:45 | Queue | Villager (Male) |
| 13:49 | Queue | Archer |
| 13:58 | Build | Palisade Wall |
| 14:11 | Build | Farm |
| 14:12 | Queue | Villager (Male) |
| 14:14 | Build | Farm |
| 14:22 | Research | Horse Collar |
| 14:22 | Research | Horse Collar |
| 14:28 | Queue | Archer |
| 14:41 | Queue | Villager (Male) |
| 14:41 | Queue | Villager (Male) |
| 14:42 | Queue | Villager (Male) |
| 14:51 | Build | Farm |
| 15:10 | Research | Fletching |
| 15:10 | Research | Fletching |
| 15:14 | Queue | Villager (Male) |
| 15:15 | Build | Farm |
| 15:29 | Build | House |
| 15:31 | Build | House |
| 15:37 | Queue | Villager (Male) |
| 15:37 | Queue | Villager (Male) |
| 15:39 | Queue | Villager (Male) |
| 15:39 | Queue | Villager (Male) |
| 15:42 | Queue | Archer |
| 15:57 | Queue | Villager (Male) |
| 16:00 | Build | Farm |
| 16:18 | Queue | Villager (Male) |
| 16:33 | Queue | Villager (Male) |
| 16:39 | Build | Farm |
| 16:42 | Build | Farm |
| 16:42 | Queue | Villager (Male) |
| 16:48 | Queue | Archer |
| 16:50 | Queue | Villager (Male) |
| 16:57 | Build | Farm |
| 17:09 | Queue | Archer |
| 17:29 | Build | Mining Camp |
| 17:39 | Queue | Villager (Male) |
| 17:44 | Queue | Archer |
| 18:27 | Queue | Villager (Male) |
| 19:02 | Queue | Villager (Male) |
| 19:17 | Build | Farm |
| 19:17 | Build | Farm |
| 19:19 | Queue | Villager (Male) |
| 19:28 | Build | Watch Tower |
| 19:32 | Build | House |
| 19:40 | Research | Wheelbarrow |
| 19:44 | Build | House |
| 20:32 | Research | Castle Age |
| 20:32 | Research | Castle Age |
| 21:00 | Build | Mining Camp |
| 21:20 | Build | Stable |
| 21:20 | Build | Stable |
| 21:55 | Build | Watch Tower |
| 23:35 | Age | Castle Age |
| 23:39 | Research | Crossbowman (upgrade) |
| 23:40 | Research | Crossbowman (upgrade) |
| 23:41 | Queue | Villager (Male) |
| 23:42 | Queue | Knight |
| 23:42 | Queue | Knight |
| 23:42 | Queue | Knight |
| 23:46 | Build | Siege Workshop |
| 24:00 | Queue | Villager (Male) |
| 24:06 | Queue | Villager (Male) |
| 24:37 | Queue | Battering Ram |
| 24:52 | Queue | Villager (Male) |
| 24:54 | Research | Two-Man Saw |
| 24:55 | Research | Two-Man Saw |
| 24:55 | Research | Two-Man Saw |
| 24:59 | Queue | Villager (Male) |
| 25:01 | Research | Heavy Plow |
| 25:01 | Research | Heavy Plow |
| 25:28 | Queue | Villager (Male) |
| 25:30 | Build | Farm |
| 25:41 | Queue | Villager (Male) |
| 25:43 | Build | Farm |
| 26:06 | Queue | Villager (Male) |
| 26:10 | Queue | Villager (Male) |
| 26:37 | Queue | Villager (Male) |
| 26:46 | Build | House |
| 26:50 | Queue | Villager (Male) |
Match timeline
| 5:58 | hclay93 · first_building Barracks |
| 7:13 | hclay93 · wall_segment Palisade Wall x7 |
| 7:40 | hclay93 · wall_segment Palisade Wall x1 |
| 7:47 | hclay93 · wall_segment Palisade Wall x4 |
| 7:54 | hclay93 · wall_segment Palisade Wall x2 |
| 8:11 | hclay93 · wall_segment Palisade Wall x15 |
| 8:27 | NPG | R4GN4R_ · wall_segment Palisade Wall x1 |
| 8:29 | NPG | R4GN4R_ · wall_segment Palisade Wall x1 |
| 8:31 | NPG | R4GN4R_ · wall_segment Palisade Wall x1 |
| 8:33 | NPG | R4GN4R_ · wall_segment Palisade Wall x1 |
| 8:36 | NPG | R4GN4R_ · age_up feudal |
| 8:45 | NPG | R4GN4R_ · wall_segment Palisade Wall x1 |
| 8:50 | NPG | R4GN4R_ · wall_segment Palisade Wall x1 |
| 8:56 | hclay93 · wall_segment Palisade Wall x4 |
| 9:29 | hclay93 · age_up feudal |
| 9:31 | hclay93 · first_building Archery Range |
| 9:33 | NPG | R4GN4R_ · wall_segment Palisade Wall x2 |
| 10:28 | NPG | R4GN4R_ · wall_segment Palisade Wall x1 |
| 10:29 | NPG | R4GN4R_ · wall_segment Palisade Wall x1 |
| 10:37 | NPG | R4GN4R_ · wall_segment Palisade Wall x1 |
| 11:10 | NPG | R4GN4R_ · wall_segment Palisade Wall x1 |
| 11:14 | NPG | R4GN4R_ · wall_segment Palisade Wall x1 |
| 11:59 | NPG | R4GN4R_ · wall_segment Palisade Wall x1 |
| 13:53 | NPG | R4GN4R_ · wall_segment Palisade Wall x1 |
| 13:54 | NPG | R4GN4R_ · wall_segment Palisade Wall x1 |
| 13:58 | hclay93 · wall_segment Palisade Wall x4 |
| 13:58 | NPG | R4GN4R_ · wall_segment Palisade Wall x1 |
| 13:59 | NPG | R4GN4R_ · wall_segment Palisade Wall x1 |
| 13:59 | NPG | R4GN4R_ · wall_segment Palisade Wall x1 |
| 14:00 | NPG | R4GN4R_ · wall_segment Palisade Wall x1 |
| 14:01 | NPG | R4GN4R_ · wall_segment Palisade Wall x1 |
| 14:04 | NPG | R4GN4R_ · wall_segment Palisade Wall x1 |
| 14:05 | NPG | R4GN4R_ · wall_segment Palisade Wall x1 |
| 17:32 | NPG | R4GN4R_ · wall_segment Palisade Wall x2 |
| 17:38 | NPG | R4GN4R_ · wall_segment Palisade Wall x2 |
| 18:35 | NPG | R4GN4R_ · wall_segment Palisade Wall x1 |
| 18:36 | NPG | R4GN4R_ · wall_segment Palisade Wall x1 |
| 18:38 | NPG | R4GN4R_ · wall_segment Palisade Wall x1 |
| 18:39 | NPG | R4GN4R_ · wall_segment Palisade Wall x1 |
| 18:44 | NPG | R4GN4R_ · wall_segment Palisade Wall x1 |
| 19:49 | NPG | R4GN4R_ · first_building Barracks |
| 19:51 | NPG | R4GN4R_ · wall_segment Palisade Wall x1 |
| 20:41 | NPG | R4GN4R_ · first_market_sell 100 food |
| 20:42 | NPG | R4GN4R_ · first_market_buy 100 stone |
| 21:20 | hclay93 · first_building Stable |
| 21:28 | NPG | R4GN4R_ · wall_segment Palisade Wall x1 |
| 21:29 | NPG | R4GN4R_ · wall_segment Palisade Wall x1 |
| 23:35 | hclay93 · age_up castle |
| 23:46 | hclay93 · first_building Siege Workshop |
| 24:32 | NPG | R4GN4R_ · age_up castle |
| 24:36 | NPG | R4GN4R_ · first_building Siege Workshop |
| 26:47 | NPG | R4GN4R_ · first_building Monastery |
| 29:22 | NPG | R4GN4R_ · wall_segment Palisade Wall x1 |
| 29:24 | NPG | R4GN4R_ · wall_segment Palisade Wall x1 |
| 29:58 | hclay93 · first_building Castle |
| 34:00 | NPG | R4GN4R_ · first_building Castle |
| 34:23 | hclay93 · age_up imperial |
| 35:56 | hclay93 · first_building Monastery |
| 37:28 | NPG | R4GN4R_ · age_up imperial |
| 42:11 | NPG | R4GN4R_ · resign |
[ AI ANALYSIS · 1 CREDIT ]
What really happened in this match?
Wolo.gg analyzes every decision: build order, eco, micro, common mistakes by bracket. Personalized analysis on WhatsApp or Discord in 30 seconds.
Civ guide
Malay
Perfil
Jugador #9408732